 Dungeon Crawl Stone Soup version 0.29.1-1-gd02db6906a (webtiles) character file.

Game seed: 8723810652481178284

34 corgi the Trooper (level 3, 29/33 HPs)
             Began as a Draconian Abyssal Knight on Oct 14, 2022.
             Was a Believer of Lugonu.
             Quit the game on level 2 of the Dungeon.
             The game lasted 00:02:26 (1130 turns).

corgi the Trooper (Draconian Abyssal Knight)        Turns: 1130, Time: 00:02:27

Health: 29/33      AC:  5    Str: 15    XL:     3   Next: 14%
Magic:  4/4        EV: 12    Int: 10    God:    Lugonu [**....]
Gold:   103        SH:  0    Dex: 13    Spells: 2/2 levels left

rFire   . . .      SeeInvis .   a - +1 mace
rCold   . . .      Faith    .   (no shield)
rNeg    . . .      Spirit   .   (body armour unavailable)
rPois   .          Reflect  .   (helmet restricted)
rElec   .          Harm     .   (no cloak)
rCorr   .          Rampage  .   (no gloves)
Will    .....                   (no boots)
Stlth   ++........              (no amulet)
HPRegen 0.11/turn               (no ring)
MPRegen 0.09/turn               (no ring)

@: no status effects
A: AC +5, unfitting armour, cold-blooded
a: Renounce Religion, Depart the Abyss, Bend Space


You were on level 2 of the Dungeon.
You worshipped Lugonu.
Lugonu was pleased with you.
You visited 1 branch of the dungeon, and saw 2 of its levels.
You visited the Abyss 1 time.

You collected 103 gold pieces.

Inventory:

Hand Weapons
 a - a +1 mace (weapon)
 d - a +2 hand axe of venom
 k - a +0 whip
Scrolls
 b - 2 scrolls of teleportation {unknown}
 c - 4 scrolls of identify {unknown}
 e - a scroll of enchant weapon {unknown}
 h - a scroll of magic mapping {unknown}
 i - a scroll of amnesia {unknown}
Potions
 f - a potion of degeneration {unknown}
 g - a potion of ambrosia {unknown}
 j - a potion of heal wounds {unknown}


   Skills:
 + Level 3.6 Fighting
 + Level 2.4 Maces & Flails
 + Level 2.5 Dodging
 + Level 1.2 Stealth
 - Level 2.0 Invocations


You had 2 spell levels left.
You didn't know any spells.
Your spell library contained the following spells:

 Spells                   Type           Power      Damage    Failure   Level
 Summon Small Mammal      Summ           0%         N/A       36%         1
 Call Canine Familiar     Summ           0%         N/A       75%         3
 Summon Guardian Golem    Hex/Summ       0%         N/A       75%         3


Dungeon Overview and Level Annotations

Branches:
Dungeon (2/15)

Altars:


Innate Abilities, Weirdness & Mutations

Your plain brown scales are hard. (AC +5)
You cannot fit into any form of body armour.
You are cold-blooded and may be slowed by cold attacks.


Message History

No target in view!
Press: ? - help, v - describe, . - travel, g - get item Item here: a giant cockroach corpse.
The floor.
Found 9 stones.
You see here a giant cockroach corpse.
Found a stone staircase leading down.
You see here a +0 whip.
k - a +0 whip
Okay, then.
You see here a giant cockroach corpse.
You see here a +2 short sword of speed.
You now have 103 gold pieces (gained 14).
A hobgoblin is nearby!
The helpless hobgoblin fails to defend itself.
You hit the hobgoblin.
The hobgoblin is lightly wounded.
The hobgoblin hits you but does no damage.
You hit the hobgoblin.
You kill the hobgoblin!
Lugonu accepts your kill.
No target in view!
Found a stone staircase leading down.
A hobgoblin comes into view.
A hobgoblin is nearby!
The hobgoblin shouts!
You hit the hobgoblin.
The hobgoblin is heavily wounded.
A bat comes into view.
The hobgoblin hits you. x2
You hit the hobgoblin.
You kill the hobgoblin!
Lugonu accepts your kill. The bat closely misses you.
You hit the bat.
You kill the bat!
Lugonu accepts your kill.
No target in view!
No target in view!
Are you sure you want to abandon this character and quit the game? (Confirm with "yes".)

#........##..##..####
#........#...##......
#.#.###...##.......##
#.#..#..#.##.##.##.#
#...............##.#
#######.#....).##....#
...?..........###.####
####..#.#.....# #.#
#.....@.#.....# #.#
#.##..###.....# #.# #
#.. >.....# #.# ...#
###### #.# .### #<# #
#....# ####.# #


There were no monsters in sight!

Vanquished Creatures
  2 ball pythons (D:1)
  2 endoplasms
  A giant cockroach (D:2)
  5 hobgoblins
  3 jackals (D:1)
  4 quokkas (D:1)
  4 bats
  2 frilled lizards
  2 goblins
  2 kobolds
  2 rats (D:1)
29 creatures vanquished.

Notes
Turn   | Place    | Note
-------+----------+-------------------------------------------
     0 | Abyss:1  | corgi the Draconian Abyssal Knight began the quest for the
                  | Orb.
     0 | Abyss:1  | Reached XP level 1. HP: 19/19 MP: 2/2
    28 | D:1      | Escaped the Abyss
    93 | D:1      | Noticed a golden eye
    98 | D:1      | Noticed a great orb of eyes
   100 | D:1      | Found a faded altar of an unknown god.
   102 | D:1      | Noticed a floating eye
   102 | D:1      | Noticed a shining eye
   415 | D:1      | Reached XP level 2. HP: 22/26 MP: 3/3
   975 | D:1      | Reached skill level 1 in Stealth
  1081 | D:2      | Reached XP level 3. HP: 31/31 MP: 4/4
  1130 | D:2      | Quit the game

Illustrated notes

Levels and vault maps discovered:
D:1:      psy_arrival_heroes, layout_basic,
          hellmonk_ecumenical_altar_watching_god, chequers_avenue
D:2:      layout_loops_cross, basic_altar, grunt_decor_mini_mirrors

Skill      XL: |  1  2 |
---------------+-------+-----
Stealth        | 1 |  1.2
Fighting       | |  3.6
Maces & Flails | |  2.4
Dodging        | |  2.5
Invocations    | |  2.0

Action                   || total
-------------------------++-------
Melee: Mace              ||    63
       Tailslap          ||     4
 Stab: Sleeping          ||     3
Armor: Skin              ||    28
Dodge: Dodged            ||    54
